 Dungeon Crawl Stone Soup version 0.22-a0-855-g415d086bb8 (console) character file.

136 Lexodia the Ruffian (level 5, -3/46 HPs)
             Began as a Ghoul Monk on July 27, 2018.
             Was a Believer of Okawaru.
             Slain by a gnoll
             ... wielding a cursed -1 spear
              (10 damage)
             ... on level 2 of the Dungeon.
             The game lasted 00:06:31 (1053 turns).

Lexodia the Ruffian (Ghoul Monk)                    Turns: 1053, Time: 00:06:32

Health: -3/46      AC:  2    Str: 16    XL:     5   Next: 19%
Magic:  2/4        EV: 13    Int:  5    God:    Okawaru [**....]
Gold:   68         SH:  0    Dex: 11    Spells: 4/4 levels left

rFire    . . .     SeeInvis .     - Unarmed
rCold    + . .     Gourm    .   (no shield)
rNeg     + + +     Faith    .   a - +0 robe
rPois    ∞         Spirit   .   (no helmet)
rElec    .         Reflect  .   (no cloak)
rCorr    +         Harm     .   (no gloves)
MR       .....                  (no boots)
Stlth    ++........             f - amulet of regeneration
HPRegen  0.00/turn              c - ring of resist corrosion
MPRegen  0.09/turn              (no ring)

@: rotting
A: rotting body, claws 1, carnivore, cold resistance 1, negative energy
resistance 3, inhibited regeneration, torment resistance, unbreathing
a: Heroism, Renounce Religion


You were on level 2 of the Dungeon.
You worshipped Okawaru.
Okawaru was pleased with you.
You were not hungry.

You visited 1 branch of the dungeon, and saw 2 of its levels.

You collected 68 gold pieces.

Inventory:

Armour
 a - a +0 robe (worn)
Jewellery
 c - a ring of resist corrosion (left claw)
 f - an amulet of regeneration (around neck)
Scrolls
 e - 4 scrolls of identify {unknown}
 g - 2 scrolls of fear {unknown}
 h - a scroll of enchant armour {unknown}
 j - 2 scrolls of teleportation {unknown}
 l - a scroll of remove curse {unknown}
 n - a scroll of random uselessness {unknown}
Potions
 i - 2 potions of curing {unknown}
 k - a potion of might {unknown}
 m - a potion of degeneration {unknown}
Comestibles
 b - 5 rations
 d - 3 chunks of flesh


   Skills:
 + Level 3.8 Fighting
 * Level 0.4 Armour
 - Level 3.2 Dodging
 + Level 2.8 Stealth
 * Level 4.9 Unarmed Combat
 * Level 0.6 Invocations


You had 4 spell levels left.
You didn't know any spells.
Your spell library was empty.

Dungeon Overview and Level Annotations

Branches:
Dungeon (2/15)

Altars:
Hepliaklqana
Okawaru
Yredelemnul
The Shining One


Innate Abilities, Weirdness & Mutations

Your body is rotting away.
You thrive on raw meat.
You are immune to poison.
You have sharp fingernails.
You are carnivorous and can eat meat at any time.
Your flesh is cold resistant. (rC+)
You are immune to negative energy. (rN+++)
You do not regenerate when monsters are visible.
You are immune to unholy pain and torment.
You can survive without breathing.


Message History

The gnoll hits you from afar with a spear.
* * * LOW HITPOINT WARNING * * *
Damage: -4%(-2hp) hp: 29%(13hp)
You scratch the gnoll but do no damage.
The gnoll is severely wounded.
The gnoll hits you with a club!
* * * LOW HITPOINT WARNING * * *
The gnoll barely misses you.
Huge Dmg: -15%(-7hp) hp: 14%(6hp) Eat one of 5 chunks of flesh? (ye/n/q)
You eat one of the 5 chunks of flesh.
This raw flesh tastes great!
The gnoll hits you with a club!
* * * LOW HITPOINT WARNING * * *
The gnoll closely misses you.
Huge Dmg: -7%(-3hp) hp: 7%(3hp) Eat one of 4 chunks of flesh? (ye/n/q)
You eat one of the 4 chunks of flesh.
This raw flesh tastes great!
The gnoll barely misses you.
The gnoll hits you from afar with a spear!
You die...

######## #.#.#
###### # #(#.#
#.#.# #.#.#
##############.#.#
......(........#.#
################.#


gg# #.# #.# #@# #.#####g# #.g.g.gg# ######### You could see 3 gnolls.

Vanquished Creatures
  A gnoll sergeant (D:2)
  3 adders (D:2)
  An ooze (D:1)
  A worm (D:2)
  2 dart slugs (D:2)
  A leopard gecko (D:1)
  2 ball pythons (D:1)
  2 giant cockroaches (D:1)
  5 goblins
  7 hobgoblins
  3 kobolds
  8 bats
  5 frilled lizards
  3 rats (D:1)
44 creatures vanquished.

Notes
Turn   | Place    | Note
-------+----------+-------------------------------------------
     0 | D:1      | Lexodia the Ghoul Monk began the quest for the Orb.
     0 | D:1      | Reached XP level 1. HP: 19/19 MP: 0/0
   165 | D:1      | Huge Dmg: 6 dmg
   166 | D:1      | Huge Dmg: 5 dmg
   200 | D:1      | Huge Dmg: 4 dmg
   205 | D:1      | Reached XP level 2. HP: 17/26 MP: 1/1
   385 | D:1      | Huge Dmg: 5 dmg
   403 | D:1      | Reached XP level 3. HP: 21/33 MP: 2/2
   602 | D:2      | Reached skill level 4 in Unarmed Combat
   640 | D:2      | Reached XP level 4. HP: 34/40 MP: 3/3
   822 | D:2      | Found a basalt altar of Yredelemnul.
   832 | D:2      | Found a hazy altar of Hepliaklqana.
   832 | D:2      | Found an iron altar of Okawaru.
   832 | D:2      | Found a glowing golden altar of the Shining One.
   838 | D:2      | Huge Dmg: 7 dmg
   853 | D:2      | Became a worshipper of Warmaster Okawaru
   853 | D:2      | Reached * piety under Okawaru
   853 | D:2      | Reached ** piety under Okawaru
  1024 | D:2      | Noticed a gnoll sergeant
  1027 | D:2      | Huge Dmg: 9 dmg
  1045 | D:2      | Huge Dmg: 8 dmg
  1048 | D:2      | Killed a gnoll sergeant
  1048 | D:2      | Reached XP level 5. HP: 15/46 MP: 1/4
  1052 | D:2      | Huge Dmg: 7 dmg
  1053 | D:2      | Huge Dmg: 3 dmg
  1053 | D:2      | Slain by a gnoll

Vault maps used:
D:1:      tarquinn_simple_flora_water_a
D:2:      chequers_temple_overflow_statue_of_worship, uniq_sigmund

Skill      XL: |  1  2  3 |
---------------+----------+-----
Dodging        | 3 |  3.2
Unarmed Combat | 4 |  4.9
Fighting       | |  3.8
Armour         | |  0.4
Stealth        | |  2.8
Invocations    | |  0.6

Action                   |  1- 3 |  4- 6 || total
-------------------------+-------+-------++-------
Melee: Unarmed           |   114 |    49 ||   163
       Punch             |     3 |     2 ||     5
Invok: Heroism           |       |     1 ||     1
 Stab: Sleeping          |     3 |     2 ||     5
  Eat: Chunk             |     3 |     3 ||     6
Armor: Robe              |    27 |     7 ||    34
Dodge: Dodged            |    62 |    33 ||    95

Table legend:
 A = Spawn XP
 B = Non-spawn XP
 C = Spawn XP percentage of total XP
 D = Spawn monster count
 E = Non-spawn monster count
 F = Spawn count percentage of total count
 G = Total turns spent on level
                    A         B        C        D         E        F      G
               +---------+---------+-------+---------+---------+-------+---------
         Total |       0 |     195 |   0.0 |       0 |      44 |   0.0 |  1053
               +---------+---------+-------+---------+---------+-------+---------
           D:1 |       0 |      48 |   0.0 |       0 |      25 |   0.0 |   523
           D:2 |       0 |     147 |   0.0 |       0 |      19 |   0.0 |   530
               +---------+---------+-------+---------+---------+-------+---------
